 Dungeon Crawl Stone Soup version 0.30-a0-272-gf98c3da03f (webtiles) character file.

Game seed: 2506899494339179936

580 billz999 the Covert (level 7, -2/46 HPs)
             Began as a Vampire Earth Elementalist on Oct 15, 2022.
             Slain by a black bear (6 damage)
             ... on level 5 of the Dungeon.
             The game lasted 00:10:24 (3806 turns).

billz999 the Covert (Vampire Earth Elementalist)    Turns: 3806, Time: 00:10:25

Health: -2/46      AC:  4    Str:  7    XL:     7   Next: 13%
Magic:  11/11      EV: 12    Int: 20    God:
Gold:   166        SH:  0    Dex: 14    Spells: 6/11 levels left

rFire   . . .      SeeInvis +    c - +1 dagger (protect)
rCold   . . .      Faith    .    (no shield)
rNeg    . . .      Spirit   .    a - +0 robe
rPois   .          Reflect  .    o - +2 hat {Stlth+}
rElec   .          Harm     .    (no cloak)
rCorr   .          Rampage  .    (no gloves)
Will    .....                    (no boots)
Stlth   +++++.....               (no amulet)
HPRegen 0.47/turn                (no ring)
MPRegen 0.12/turn                (no ring)

@: about to teleport, weak-willed, healing quickly
A: alive, fangs 3, see invisible, vampiric 2
a: Exsanguinate


You were on level 5 of the Dungeon.
You visited 1 branch of the dungeon, and saw 5 of its levels.
You also visited: Ossuary.

You collected 166 gold pieces.

Inventory:

Hand Weapons
 c - a +1 dagger of protection (weapon)
 d - a +0 sling
 e - a +0 dagger
Armour
 a - a +0 robe (worn)
 n - a +0 helmet
 o - a +2 hat of stealth (worn)
Magical Staves
 i - a staff of cold
Scrolls
 f - 2 scrolls of amnesia
 h - a scroll of identify
 p - a scroll of vulnerability
 q - 2 scrolls of fog
Potions
 g - a potion of magic
 k - a potion of cancellation {unknown}
 l - a potion of lignification {unknown}
 m - a potion of brilliance


   Skills:
 - Level 2.1 Dodging
 - Level 10.0 Stealth
 + Level 2.8 Spellcasting
 * Level 3.6 Transmutations
 + Level 3.7 Earth Magic


You had 6 spell levels left.
You knew the following spells:

 Your Spells              Type           Power      Damage    Failure   Level
a - Sandblast             Erth           34%        2d9       3%          1
b - Petrify               Tmut/Erth      17%        N/A       32%         4

Your spell library contained the following spells:

 Spells                   Type           Power      Damage    Failure   Level
 Passwall                 Tmut/Erth      14%        N/A       4%          2
 Stone Arrow              Conj/Erth      20%        3d8       21%         3
 Call Canine Familiar     Summ           2%         N/A       41%         3
 Portal Projectile        Hex/Tloc       4%         N/A       41%         3
 Leda's Liquefaction      Hex/Erth       5%         N/A       56%         4


Dungeon Overview and Level Annotations

Branches:
Dungeon (5/15)            Ossuary (visited)
 Temple: D:4-7

Altars:
Trog

Annotations:
D:2 Terence
D:4 1 runed translucent door, Crazy Yiuf, Edmund


Innate Abilities, Weirdness & Mutations

Your natural rate of healing is accelerated.
You have razor-sharp teeth.
You have supernaturally acute eyesight. (SInv)
You are afflicted with vampirism and can become a bat while bloodless.


Message History

You bump into the rock wall.
The black bear barely misses you.
The black bear claws you but does no damage.
The black bear claws you.
* * * LOW HITPOINT WARNING * * *
You bump into the rock wall.
The black bear bites you but does no damage.
The black bear claws you.
* * * LOW HITPOINT WARNING * * *
The black bear claws you.
* * * LOW HITPOINT WARNING * * *
You bump into the rock wall.
The black bear bites you.
* * * LOW HITPOINT WARNING * * *
The black bear claws you.
* * * LOW HITPOINT WARNING * * *
The black bear barely misses you.
You bump into the rock wall.
You feel less invigorated.
You feel less confused. The black bear bites you. The black bear claws you.
* * * LOW HITPOINT WARNING * * *
The black bear claws you.
* * * LOW HITPOINT WARNING * * *
Okay, then.
Okay, then.
As you read the scroll labelled WIOG KEWKY, it crumbles to dust.
The scroll dissolves into smoke.
It was a scroll of fog.
The black bear barely misses you.
The black bear claws you but does no damage.
The black bear barely misses you.
Okay, then.
As you read the scroll labelled YZUPLETAFI, it crumbles to dust.
Magic quickly surges around you.
It was a scroll of vulnerability.
The black bear bites you.
* * * LOW HITPOINT WARNING * * *
The black bear claws you.
* * * LOW HITPOINT WARNING * * *
The black bear claws you but does no damage.
As you read the scroll labelled ISHUIVV GESASM, it crumbles to dust.
You feel strangely unstable.
It was a scroll of teleportation.
The black bear bites you.
You die...

#.)...... #.#######
#[# .≈.# #.# ...#
#.### ...# #...#
._.# #.#§## ...#
#..§§########...#
#..§§@h§§...#.≈.##..
##.§§######...≈....#
##§## ###.≈?#### #.#
.≈.# #.# ...# #.#
...# #.# $≈.# #.
.≈.. .§.#.


You could see a black bear (weak-willed).

Vanquished Creatures
  Sigmund (D:2)
  An ogre (D:5)
  A scorpion (D:4)
  A howler monkey (D:5)
  A centaur zombie (Ossuary)
  A hound (D:4)
  An iguana (D:5)
  A mummy (D:4)
  6 adders
  An ufetubus (D:4)
  3 worms
  8 ball pythons
  2 endoplasms
  A giant cockroach (D:2)
  10 goblins
  3 hobgoblins
  3 jackals (D:1)
  5 quokkas
  4 bats
  A frilled lizard (D:2)
  A goblin zombie (Ossuary)
  6 hobgoblin zombies (Ossuary)
  9 kobolds
  9 kobold zombies (Ossuary)
  8 orc zombies (Ossuary)
  5 rats
93 creatures vanquished.

Notes
Turn   | Place    | Note
-------+----------+-------------------------------------------
     0 | D:1      | billz999 the Vampire Earth Elementalist began the quest for
                  | the Orb.
     0 | D:1      | Reached XP level 1. HP: 13/13 MP: 3/3
   230 | D:1      | Reached skill level 4 in Stealth
   297 | D:1      | Reached XP level 2. HP: 19/19 MP: 3/5
   346 | D:1      | Noticed a great orb of eyes
   347 | D:1      | Found a faded altar of an unknown god.
   350 | D:1      | Noticed an eye of devastation
   350 | D:1      | Noticed a floating eye
   350 | D:1      | Noticed a great orb of eyes
   545 | D:1      | Reached skill level 5 in Stealth
   890 | D:1      | Gained mutation: You are afflicted with vampirism and can
                  | become a bat while bloodless. [Vampire growth]
   890 | D:1      | Reached XP level 3. HP: 21/24 MP: 0/6
  1448 | D:2      | Reached skill level 6 in Stealth
  1724 | D:2      | Noticed Sigmund
  1736 | D:2      | Killed Sigmund
  1737 | D:2      | Reached skill level 9 in Stealth
  1737 | D:2      | Reached XP level 4. HP: 30/30 MP: 5/7
  1737 | D:2      | Reached XP level 5. HP: 35/35 MP: 5/8
  1810 | D:2      | You fall into a shaft and drop 1 floor!
  2124 | D:2      | Noticed Terence
  2545 | D:3      | Learned a level 4 spell: Petrify
  2583 | D:4      | Identified a scroll of acquirement
  2584 | D:4      | Acquired a +2 hat of stealth
  2603 | D:4      | Noticed Edmund
  2669 | D:4      | Found a runed translucent door.
  2670 | D:4      | Noticed Crazy Yiuf
  2911 | D:4      | Reached XP level 6. HP: 31/41 MP: 5/9
  3023 | D:4      | Found a sand-covered staircase.
  3033 | Ossuary  | Entered an ossuary
  3364 | Ossuary  | Reached skill level 10 in Stealth
  3669 | D:5      | Entered Level 5 of the Dungeon
  3691 | D:5      | Reached XP level 7. HP: 46/46 MP: 5/11
  3783 | D:5      | Found a bloodstained altar of Trog.
  3795 | D:5      | HP: 2/46 [black bear (2)]
  3806 | D:5      | Slain by a black bear

Illustrated notes

Levels and vault maps discovered:
D:1:      dpeg_arrival_another_circle, layout_loops_ring,
          hellmonk_ecumenical_altar_watching_god, nrook_loot_triangle
D:2:      layout_basic, uniq_sigmund, uniq_terence
D:3:      layout_loops_ring, serial_bayou_pond_e
D:4:      layout_basic, serial_corexii_hall, corexii_hall_statues_x,
          corexii_hall_statues_i, enter_ossuary_1, uniq_edmund, uniq_grinder,
          uniq_crazy_yiuf_cottage
D:5:      cheibrodos_fzero, layout_loops_ring, mainiacjoe_overflow_boulevard,
          minmay_temple_entry_statues_pillars

Skill      XL: |  1  2  3  4  5  6 |
---------------+-------------------+-----
Stealth        | 4 5 9 10 | 10.0
Transmutations | 3 |  3.6
Dodging        | |  2.1
Spellcasting   | |  2.8
Earth Magic    | |  3.7

Action                   |  1- 3 |  4- 6 |  7- 9 || total
-------------------------+-------+-------+-------++-------
Melee: Dagger            |     9 |    28 |       ||    37
       Bite              |       |     5 |       ||     5
       Punch             |       |     1 |       ||     1
 Cast: Sandblast         |    61 |    87 |    10 ||   158
  Use: Potion            |     4 |     4 |     2 ||    10
       Scroll            |       |     5 |     3 ||     8
 Stab: Sleeping          |       |    12 |       ||    12
Armor: Robe              |     7 |    40 |    10 ||    57
Dodge: Dodged            |    19 |   107 |    12 ||   138

Table legend: (Time is in decaauts)
 A = Elapsed time spent in this place.
 B = Non-inter-level travel time spent in this place.
 C = Inter-level travel time spent in this place.
 D = Time resting spent in this place.
 E = Time spent auto-exploring this place.
 F = Levels seen in this place.
 G = Mean time per level.
                   A        B        C        D        E       F      G
               +--------+--------+--------+--------+--------+-----+--------+
         Total |   3884 |   3698 |    186 |    350 |   2517 |   6 |  647.3 |
       Dungeon |   3469 |   3283 |    186 |    289 |   2375 |   5 |  693.8 |
       Ossuary |    415 |    415 |      0 |     61 |    142 |   1 |  415.0 |
               +--------+--------+--------+--------+--------+-----+--------+

Top non-repeatable levels by time:
     D:1: 1224 daAuts
     D:3: 828 daAuts
     D:2: 753 daAuts
     D:4: 519 daAuts
 Ossuary: 415 daAuts
     D:5: 143 daAuts
